Map: Acropolis LE

Players

MaNa - Winner!

  • Race: Protoss Protoss
  • Spawn Location: 11:00

SpeCial

  • Race: Terran Terran
  • Spawn Location: 5:00

Event: 2019 WCS Summer

VOD

Have the link to the VOD?

Description

Time

  • Played on: July 13, 2019, 12:01 p.m.
  • Length: 3:52

All games in this series

Show
View Real Time Build Order
Export as new Build Order

MaNa Protoss - Winner!

Build Orders: 1 Gate Expand 

Get SALT Encoding   

  12  0:00  Probe  
  13  0:12  Probe  
  14  0:17  Pylon  
  14  0:24  Probe  
  15  0:32  Probe  
  15  0:37  Gateway  
  15  0:40  Probe  
  16  0:46  Assimilator  
  17  0:51  Probe  
  18  1:03  Probe  
  19  1:15  Probe  
  20  1:23  Nexus  
  20  1:28  Zealot  
  20  1:31  Cybernetics Core  
  22  1:46  Probe, Pylon  
  23  1:53  Assimilator  
  23  1:57  Stalker  
  23  2:04  Probe  
  26  2:16  Probe  
  27  2:23  Stalker, Robotics Facility  
  27  2:28  Probe  
  30  2:38  Shield Battery  
  30  2:41  Probe  
  30  2:51  Stalker  
  30  2:55  Probe  
  33  3:01  Probe  
  33  3:30  Probe  
  34  3:34  Probe  
Show
View Real Time Build Order
Export as new Build Order

SpeCial Terran 

Build Orders:  

Get SALT Encoding   

  12  0:00  SCV  
  13  0:12  SCV  
  14  0:18  Supply Depot  
  14  0:24  SCV  
  15  0:39  Barracks  
  15  0:44  Refinery  
  15  0:47  SCV  
  16  1:00  Barracks  
  16  1:03  SCV  
  17  1:15  SCV  
  18  1:26  Barracks Tech Lab  
  18  1:28  Orbital Command  
  18  1:46  Marauder  
  20  1:47  Supply Depot  
  20  1:48  Concussive Shells  
  20  1:55  Barracks Tech Lab  
  20  1:56  SCV  
  21  2:07  Marauder  
  23  2:09  SCV  
  23  2:14  Marauder  
  26  2:21  SCV  
  27  2:26  Supply Depot  
  27  2:33  Marauder, SCV  
  30  2:39  Bunker  
  30  2:48  Marauder  
  30  2:49  SCV  
  33  2:56  Refinery  
  33  3:02  SCV  
  32  3:09  Marauder  
  34  3:14  SCV  
  35  3:21  Factory  
  35  3:25  Marauder  
  35  3:26  SCV  
  38  3:33  Supply Depot  
  38  3:38  SCV  
Tags
 
Add a new tag
Caveats
  • Supply blocks, unpowered buildings, or Contaminate may cause inaccurate times.
  • Supply counts are checked every 10 seconds.